 Dungeon Crawl Stone Soup version 0.28-a0-1412-gf95308ed99 (webtiles) character file.

Game seed: 17470546256191819653

46 Ijustatesigmund the Chopper (level 3, -4/28 (31) HPs)
             Began as a Hill Orc Fighter on Jan 7, 2022.
             Slain by a wight (7 damage)
             ... on level 6 of the Dungeon.
             The game lasted 00:03:50 (2447 turns).

Ijustatesigmund the Chopper (Hill Orc Fighter)      Turns: 2447, Time: 00:03:51

HP:   -4/28 (31)    AC:  8    Str: 20    XL:     3   Next: 66%
MP:   3/3           EV:  9    Int: 14    God:
Gold: 34            SH:  4    Dex: 10    Spells: 2/2 levels left

rFire   . . .      SeeInvis .   a - +1 war axe
rCold   . . .      Faith    .   c - +0 buckler
rNeg    . . .      Spirit   .   b - +0 scale mail
rPois   .          Reflect  .   (no helmet)
rElec   .          Harm     .   (no cloak)
rCorr   .          Rampage  .   (no gloves)
Will    .....                   o - +0 pair of boots
Stlth   ..........              (no amulet)
HPRegen 0.09/turn               l - +6 ring of intelligence
MPRegen 0.08/turn               (no ring)

@: mighty, drained
A: no striking features
a: no special abilities


You were on level 6 of the Dungeon.
You visited 1 branch of the dungeon, and saw 4 of its levels.

You collected 94 gold pieces.
You spent 60 gold pieces at shops.

Inventory:

Hand Weapons
 a - a +1 war axe (weapon)
Armour
 b - a +0 scale mail (worn)
 c - a +0 buckler (worn)
 o - a +0 pair of boots (worn)
Jewellery
 l - a +6 ring of intelligence (left hand)
Scrolls
 h - a scroll of immolation
Potions
 k - a potion of curing


   Skills:
 + Level 3.6 Fighting
 + Level 5.2 Axes
 - Level 3.2 Armour
 - Level 3.2 Shields


You had 2 spell levels left.
You didn't know any spells.
Your spell library was empty.

Dungeon Overview and Level Annotations

Branches:
Dungeon (3/15)

Altars:

Shops:
D:1 *

Annotations:
D:3 Terence


Message History

You hear a shout!
Okay, then.
An iguana and a wight come into view.
A wight comes into view. It is wielding a +4 falchion.
Found a club.
The iguana hisses menacingly.
You feel very mighty all of a sudden. The wight closely misses you.
The wight hits you but does no damage.
You hit the wight.
The wight is lightly damaged.
The wight hits you with a +4 falchion! You block the wight's attack.
You completely miss the wight.
The wight is lightly damaged.
The wight hits you from afar with a +3 trident!
The wight barely misses you.
You slash the wight!
The wight is severely damaged.
The wight hits you from afar with a +3 trident.
The wight hits you with a +4 falchion.
* * * LOW HITPOINT WARNING * * *
The wight hits you from afar with a +3 trident.
* * * LOW HITPOINT WARNING * * *
You feel much better. The wight hits you with a +4 falchion!
You feel drained. The wight completely misses you.
You closely miss the wight.
The wight is severely damaged.
The wight hits you with a +4 falchion.
You feel drained.
The wight hits you from afar with a +3 trident!
The wight hits you with a +4 falchion!
* * * LOW HITPOINT WARNING * * *
You feel drained.
* * * LOW HITPOINT WARNING * * *
You barely miss the wight.
The wight is severely damaged.
The wight barely misses you. You block the wight's attack.
You barely miss the wight.
The wight is severely damaged.
The wight hits you from afar with a +3 trident!
You die...

... . #.# . ##.##
#. #...####.. ###
###....#...# #.#
##.........#
#@####..........#
##z##......l....##
##zoo.####.......#
##.#l..# ##.......
#z##...####...#....
#.##..........#..##
#.##.......#....##
###.#..####......##
#.....## ##.....#
#.


You could see an orc warrior, an iguana, 2 wights and an orc.

Vanquished Creatures
  3 dart slugs (D:1)
  4 ball pythons
  5 bats
  4 endoplasms
  A giant cockroach (D:2)
  4 goblins
  3 hobgoblins
  4 jackals (D:1)
  A quokka (D:1)
  A frilled lizard (D:1)
  5 rats
35 creatures vanquished.

Vanquished Creatures (others)
  A fungus (D:1)
1 creature vanquished.

Grand Total: 36 creatures vanquished

Notes
Turn   | Place    | Note
-------+----------+-------------------------------------------
     0 | D:1      | Ijustatesigmund the Hill Orc Fighter began the quest for
                  | the Orb.
     0 | D:1      | Reached XP level 1. HP: 19/19 MP: 1/1
   100 | D:1      | Reached skill level 3 in Axes
   171 | D:1      | Reached XP level 2. HP: 26/26 MP: 2/2
   177 | D:1      | Reached skill level 4 in Axes
   341 | D:1      | Reached XP level 3. HP: 31/31 MP: 3/3
   421 | D:1      | Found a faded altar of an unknown god.
   636 | D:1      | Found Riwaoso's General Store.
   991 | D:2      | Reached skill level 5 in Axes
  1809 | D:3      | Noticed Terence
  2163 | D:1      | Bought a potion of heal wounds for 60 gold pieces
  2356 | D:3      | You fall into a shaft and drop 3 floors!
  2369 | D:6      | Noticed an orc warrior
  2447 | D:6      | Slain by a wight

Illustrated notes

Levels and vault maps discovered:
D:1:      nzn_arrival_depleted_hourglass, layout_basic,
          dreamdust_ecumenical_altar_grove, serial_shops, shop,
          grunt_decor_one_mirror
D:2:      layout_basic
D:3:      minmay_diamond_boxcup, layout_basic, mainiacjoe_overflow_alcove_3,
          nicolae_qazlal_scattered_showers, uniq_jessica, uniq_terence
D:6:      layout_layer_cave, mainiacjoe_overflow_surrounded_room, serial_shops,
          shop, guppyfry_shop_venom

Skill      XL: |  1  2  3 |
---------------+----------+-----
Axes           | 3 4 5 |  5.2
Fighting       | |  3.6
Armour         | |  3.2
Shields        | |  3.2

Action                   || total
-------------------------++-------
Melee: War axe           ||   103
  Use: Scroll            ||     7
       Potion            ||     3
Armor: Scale mail        ||    65
Dodge: Dodged            ||    53
Block: Buckler           ||    27

Table legend: (Time is in decaauts)
 A = Elapsed time spent in this place.
 B = Non-inter-level travel time spent in this place.
 C = Inter-level travel time spent in this place.
 D = Time resting spent in this place.
 E = Time spent auto-exploring this place.
 F = Levels seen in this place.
 G = Mean time per level.
                   A        B        C        D        E       F      G
               +--------+--------+--------+--------+--------+-----+--------+
         Total |   2462 |   2289 |    173 |    401 |   1545 |   4 |  615.5 |
       Dungeon |   2462 |   2289 |    173 |    401 |   1545 |   4 |  615.5 |
               +--------+--------+--------+--------+--------+-----+--------+

Top non-repeatable levels by time:
     D:1: 1182 daAuts
     D:2: 1122 daAuts
     D:6: 92 daAuts
     D:3: 64 daAuts
